 Dungeon Crawl Stone Soup version 0.29-a0-1008-g949cc1d0fb (webtiles) character file.

Game seed: 16999445829924374769

2757 Heh the Tainter (level 9, -7/65 HPs)
             Began as an Octopode Venom Mage on Aug 7, 2022.
             Was an Initiate of Gozag.
             Mangled by a hornet (9 damage)
             ... on level 7 of the Dungeon.
             The game lasted 00:12:32 (8253 turns).

Heh the Tainter (Octopode Venom Mage)               Turns: 8253, Time: 00:12:32

Health: -7/65      AC:  1    Str: 11    XL:     9   Next: 69%
Magic:  21/21      EV: 15    Int: 17    God:    Gozag
Gold:   221        SH:  6    Dex: 23    Spells: 3/12 levels left

rFire   . . .      SeeInvis .   J - +11 flail of Winuojyop {vamp, Str+4}
rCold   . . .      Faith    .   n - +0 buckler
rNeg    . . .      Spirit   .   (helmet restricted)
rPois   .          Reflect  .   p - amulet of magic regeneration
rElec   .          Harm     .   v - +6 ring of dexterity
rCorr   .          Rampage  .   E - ring of magical power
Will    .....                   (no ring)
Stlth   ++++......              (no ring)
HPRegen 0.20/turn               (no ring)
MPRegen 0.57/turn               (no ring)
                                (no ring)
                                (no ring)

@: gold aura, slowed, very slow
A: almost no armour, amphibious, 8 rings, camouflage 1, gelatinous body 1,
(nimble swimmer 1), tentacles
a: Renounce Religion, Potion Petition, Call Merchant, Bribe Branch


You were on level 7 of the Dungeon.
You worshipped Gozag.
Gozag was aware of your devotion.
You visited 2 branches of the dungeon, and saw 8 of its levels.

You collected 713 gold pieces.
You spent 411 gold pieces at shops.
You paid 81 gold pieces to Gozag.

Inventory:

Hand Weapons
 i - a +0 spear
 k - a +0 mace
 y - a +2 mace of protection
 z - a +2 quarterstaff of chaos
 A - a +1 dagger of draining
 B - a +1 war axe of freezing
 I - the +9 quarterstaff of Yredelemnul's Favour {elec, Str+4 Int+2}
   (You bought it in a shop on level 3 of the Dungeon)

   It occasionally discharges a powerful burst of electricity upon striking a
   foe.
   Str:       It affects your strength (+4).
   Int:       It affects your intelligence (+2).
 J - the +11 flail of Winuojyop (weapon) {vamp, Str+4}
   (You bought it in a shop on level 2 of the Dungeon)

   It occasionally heals its wielder for a portion of the damage dealt when it
   wounds a living foe.
   Str:       It affects your strength (+4).
Missiles
 d - 15 poisoned darts
Armour
 n - a +0 buckler (worn)
Jewellery
 p - an amulet of magic regeneration (around mantle)
 v - a +6 ring of dexterity (left tentacle)
 w - a ring of fire
 E - a ring of magical power (right tentacle)
Wands
 e - a wand of iceblast (16)
 j - a wand of paralysis (16)
 x - a wand of digging (3)
 H - a wand of flame (17)
Scrolls
 b - 3 scrolls of poison {unknown}
 c - 5 scrolls of teleportation {unknown}
 f - 2 scrolls of brand weapon {unknown}
 g - 2 scrolls of blinking {unknown}
 h - 6 scrolls of identify {unknown}
 l - a scroll of silence {unknown}
 m - a scroll of vulnerability {unknown}
 o - a scroll of magic mapping {unknown}
 q - a scroll of noise {unknown}
 F - a scroll of torment {unknown}
Potions
 a - 2 potions of magic
 r - 2 potions of degeneration
 s - a potion of mutation {unknown}
 t - a potion of attraction {unknown}
 u - 2 potions of experience {unknown}
 C - a potion of brilliance {unknown}
 G - a potion of curing {unknown}


   Skills:
 + Level 7.7 Fighting
 * Level 4.3 Maces & Flails
 + Level 3.3 Dodging
 - Level 3.0 Stealth
 - Level 4.0 Shields
 - Level 2.0 Spellcasting
 - Level 1.0 Transmutations
 - Level 10.0 Poison Magic


You had 3 spell levels left.
You knew the following spells:

 Your Spells              Type           Power      Damage    Failure   Level
a - Sting                 Tmut/Pois      80%        1d7       2%          1
b - Olgreb's Toxic Radia  Pois           35%        N/A       4%          4
c - Mephitic Cloud        Conj/Pois/Air  13%        N/A       19%         3
d - Foxfire               Conj/Fire      4%         2x1d4     24%         1

Your spell library contained the following spells:

 Spells                   Type           Power      Damage    Failure   Level
 Poisonous Vapours        Pois/Air       36%        N/A       4%          2
 Shock                    Conj/Air       4%         1d3       24%         1
 Swiftness                Air            1%         N/A       58%         3
 Airstrike                Air            0%         2d(1-17)  94%         4


Dungeon Overview and Level Annotations

Branches:
Dungeon (7/15)             Temple (1/1) D:5

Altars:
Ashenzari
Cheibriados
Dithmenos
Elyvilon
Fedhas
Gozag
Hepliaklqana
Kikubaaqudgha
Makhleb
Nemelex Xobeh
Okawaru
Qazlal
Ru
Trog
Uskayaw
Vehumet
Wu Jian
Xom
Yredelemnul
The Shining One

Shops:
D:2 (   D:3 (   D:6 (

Annotations:
D:3 2 transporters, hesitate's ghost, amateur DjFE


Innate Abilities, Weirdness & Mutations

You cannot wear most types of armour.
You are amphibious.
You can wear up to eight rings at the same time.
Your skin changes colour to match your surroundings (Stealth+).
Your rubbery body absorbs attacks. (AC +1, EV +1)
((You are camouflaged when in or above water. (Stealth+)))
You have tentacles for arms and can constrict up to eight enemies at once.


Message History

The howler monkey hoots and howls with incredible vigour!
You sock the howler monkey! Your grab misses the howler monkey.
The howler monkey is severely wounded.
The howler monkey hits you.
You bludgeon the howler monkey!!
You kill the howler monkey!
The hornet stings you but does no damage.
The hornet stings you!
You feel yourself slow down.
The howler monkey hoots and howls with incredible vigour!
You hear a howl!
Training target 10.0 for Poison Magic reached!
Your Poison Magic skill increases to level 10!
You hit the howler monkey. Your grab misses the howler monkey.
The howler monkey is moderately wounded.
The hornet barely misses you. The howler monkey barely misses you.
The hornet stings you!
You feel as though you will be slow longer.
The howler monkey hits you. You block the hornet's attack.
Unknown command.
You sock the hornet! Your grab misses the hornet.
The hornet is moderately wounded.
The hornet closely misses you.
The howler monkey completely misses you.
An orc priest comes into view. It is wielding a +0 hand axe.
The hornet stings you!
* * * LOW HITPOINT WARNING * * *
You suddenly lose the ability to move!
The howler monkey hits you.
* * * LOW HITPOINT WARNING * * *
The hornet stings you!
* * * LOW HITPOINT WARNING * * *
You feel as though you will be slow longer.
You can move again.
Okay, then.
Okay, then.
Okay, then.
You barely miss the hornet. Your grab misses the hornet.
The hornet is moderately wounded.
The howler monkey barely misses you. The hornet stings you!
You die...
Your body crumbles into a pile of gold.

... .. .. . . .. .###
... #.. ..o. ...
..#####h##....... #...##
......$@y.(# .. #.....
........#####...###.....
.....##..........[......
$.........######..#
#....
#.##............####....
.. #...........###....##
...#.......[............
##...............#...##.
...........###..##S#..##


You could see a hornet, a howler monkey and an orc priest.

Vanquished Creatures
  Pikel (D:6)
  Sigmund (D:5)
  Eustachio (D:4)
  Menkaure (D:5)
  2 water moccasins
  An orc warrior (D:6)
  A centaur (D:6)
  An ogre (D:5)
  4 lemures (D:6)
  A kobold brigand (D:7)
  2 scorpions
  A necrophage (D:5)
  4 wights (D:7)
  An electric eel (D:6)
  A howler monkey (D:7)
  A jelly (D:5)
  Crazy Yiuf (D:2)
  5 orc priests
  5 hounds
  Ijyb (D:3)
  Terence (D:2)
  3 iguanas
  8 orc wizards
  Robin (D:4)
  11 adders
  A shadow imp (D:5)
  2 white imps
  2 ufetubi
  6 dart slugs
  26 orcs
  8 endoplasms
  2 giant cockroaches
  15 goblins
  6 hobgoblins
  7 jackals
  3 quokkas (D:1)
  6 ball pythons
  6 bats
  2 frilled lizards
  7 kobolds
  4 rats
163 creatures vanquished.

Vanquished Creatures (others)
  2 fungi (D:2)
  2 plants (D:1)
4 creatures vanquished.

Grand Total: 167 creatures vanquished

Notes
Turn   | Place    | Note
-------+----------+-------------------------------------------
     0 | D:1      | Heh the Octopode Venom Mage began the quest for the Orb.
     0 | D:1      | Reached XP level 1. HP: 11/11 MP: 3/3
   214 | D:1      | Reached skill level 1 in Fighting
   355 | D:1      | Reached XP level 2. HP: 18/18 MP: 5/5
   549 | D:1      | Reached skill level 4 in Poison Magic
   813 | D:1      | Reached XP level 3. HP: 19/24 MP: 1/6
   899 | D:1      | Found a faded altar of an unknown god.
   902 | D:1      | Got Plato's Tome of Bolts
  1525 | D:2      | Reached skill level 1 in Shields
  1525 | D:2      | Reached XP level 4. HP: 30/30 MP: 4/7
  1530 | D:2      | Learned a level 4 spell: Olgreb's Toxic Radiance
  1723 | D:2      | You fall into a shaft and drop 1 floor!
  1740 | D:3      | Noticed hesitate's ghost (amateur DjFE)
  1741 | D:3      | Found a transporter.
  1741 | D:3      | Noticed an ogre
  1741 | D:3      | Identified the +6 dire flail "Suenloq" {vorpal, *Rage rElec
                  | rN++ Str+2}
  1741 | D:3      | Noticed an ogre
  1745 | D:3      | Found a transporter.
  1755 | D:3      | Noticed an ogre
  2001 | D:3      | Found Maclixem's Antique Weapon Shop.
  2019 | D:3      | Noticed Ijyb
  2031 | D:3      | Killed Ijyb
  2032 | D:3      | Reached XP level 5. HP: 21/36 MP: 1/8
  2926 | D:2      | Noticed Terence
  2938 | D:2      | Killed Terence
  2939 | D:2      | Reached skill level 5 in Poison Magic
  3223 | D:2      | Found Umox's Antique Weapon Shop.
  3381 | D:2      | Found a runed translucent door.
  3382 | D:2      | Noticed Crazy Yiuf
  3714 | D:2      | Learned a level 3 spell: Mephitic Cloud
  3717 | D:2      | Killed Crazy Yiuf
  3718 | D:2      | Reached XP level 6. HP: 42/42 MP: 6/9
  3755 | D:4      | Noticed Eustachio
  3768 | D:4      | Killed Eustachio
  4003 | D:4      | Noticed Robin
  4014 | D:4      | Killed Robin
  4244 | D:4      | Reached XP level 7. HP: 48/48 MP: 10/10
  4682 | D:5      | Entered Level 5 of the Dungeon
  4683 | D:5      | Noticed Sigmund
  4696 | D:5      | Killed Sigmund
  4697 | D:5      | Reached skill level 6 in Poison Magic
  4971 | D:5      | Found a staircase to the Ecumenical Temple.
  4982 | Temple   | Entered the Ecumenical Temple
  5147 | Temple   | Became a worshipper of Gozag Ym Sagoz the Greedy
  5229 | D:5      | Reached skill level 5 in Fighting
  5229 | D:5      | Reached skill level 7 in Poison Magic
  5229 | D:5      | Reached XP level 8. HP: 47/55 MP: 3/11
  5287 | D:5      | Found an iron altar of Okawaru.
  5326 | D:5      | Found a broken altar of Ashenzari.
  5701 | D:5      | Reached skill level 8 in Poison Magic
  5853 | D:5      | Found a radiant altar of Vehumet.
  6011 | D:5      | Noticed Menkaure
  6021 | D:5      | Killed Menkaure
  6319 | D:6      | Reached skill level 1 in Maces & Flails
  6408 | D:6      | Learned a level 1 spell: Foxfire
  6637 | D:6      | Reached skill level 9 in Poison Magic
  6683 | D:6      | Noticed Pikel
  6683 | D:6      | Paralysed by Pikel for 5 turns
  6696 | D:6      | Paralysed by Pikel for 2 turns
  6699 | D:6      | Reached XP level 9. HP: 50/63 MP: 10/12
  6701 | D:6      | Killed Pikel
  6897 | D:6      | Found an ornate altar of the Wu Jian Council.
  7359 | D:6      | Found Ajimag's Antique Weapon Shoppe.
  7464 | D:3      | Bought an ichor-stained quarterstaff for 216 gold pieces
  7464 | D:3      | Identified the +9 quarterstaff of Yredelemnul's Favour
                  | {elec, Str+4 Int+2} (You bought it in a shop on level 3 of
                  | the Dungeon)
  7482 | D:2      | Bought a crystal flail for 195 gold pieces
  7482 | D:2      | Identified the +11 flail of Winuojyop {vamp, Str+4} (You
                  | bought it in a shop on level 2 of the Dungeon)
  8247 | D:7      | Noticed a hornet
  8251 | D:7      | Reached skill level 10 in Poison Magic
  8252 | D:7      | Paralysed by a hornet for 1 turns
  8252 | D:7      | HP: 1/65 [hornet (13)]
  8253 | D:7      | Mangled by a hornet

Illustrated notes

Levels and vault maps discovered:
D:1:      onia_arrival_mini_maze_b, layout_basic,
          shapermc_ecumenical_altar_rom_forum, minmay_pentomino_w2
D:2:      layout_loops_ring, serial_aquarium, aquarium_bridge_square
          [aquarium_subvault_bridge, aquarium_subvault_window,
          aquarium_subvault_wall, aquarium_subvault_window], aquarium_window_2,
          aquarium_window_fake, aquarium_window_3, aquarium_view_2g,
          aquarium_pool_2, serial_shops, shop, uniq_crazy_yiuf_cottage,
          uniq_terence
D:3:      minmay_chambers_of_threes, layout_rooms, gammafunk_ghost_smash,
          serial_shops, nicolae_square_shop, kennysheep_generic_room_3,
          uniq_ijyb
D:4:      layout_loops_ring, uniq_eustachio, uniq_robin
D:5:      layout_rooms, mainiacjoe_overflow_boulevard,
          kennysheep_okawaru_gauntlet, nicolae_vehumet_altar_sigil,
          minmay_temple_entry_water_ring, uniq_sigmund, uniq_menkaure
D:6:      layout_loops_ring, nicolae_wu_jian_wuxing_cycle, serial_shops,
          nicolae_shop_advertising_works [nicolae_subvault_shop_adworks],
          kennysheep_big_empty_room, uniq_pikel
D:7:      layout_rooms, enter_bailey_2
Temple:   nicolae_temple_superstar

Skill      XL: |  1  2  3  4  5  6  7  8  9 |
---------------+----------------------------+-----
Fighting       | 1 2 3 4 5 6 7 |  7.7
Poison Magic   | 4 5 7 9 10 | 10.0
Shields        | 1 2 3 4 |  4.0
Maces & Flails | 2 4 |  4.3
Stealth        | 3 |  3.0
Dodging        | 3 |  3.3
Spellcasting   | |  2.0
Transmutations | |  1.0

Action                   |  1- 3 |  4- 6 |  7- 9 || total
-------------------------+-------+-------+-------++-------
Melee: Unarmed           |    10 |       |       ||    10
       Tentacles         |    10 |    22 |    34 ||    66
       Constrict         |    14 |    23 |    29 ||    66
       Spear             |    46 |    59 |       ||   105
       Punch             |     1 |       |     2 ||     3
       Mace              |       |    46 |   108 ||   154
       Flail             |       |       |    17 ||    17
Throw: Dart              |    15 |       |       ||    15
 Cast: Sting             |    19 |    26 |       ||    45
       Olgreb's Toxic Ra |       |     6 |    23 ||    29
       Mephitic Cloud    |       |       |     1 ||     1
Evoke: Wand              |       |       |     1 ||     1
  Use: Potion            |       |     3 |     4 ||     7
 Stab: Sleeping          |     3 |    10 |     6 ||    19
       Distracted        |       |     1 |     2 ||     3
Armor: Skin              |     9 |    23 |    38 ||    70
Dodge: Dodged            |    39 |    81 |    81 ||   201
Block: Buckler           |     3 |    29 |    40 ||    72

Table legend: (Time is in decaauts)
 A = Elapsed time spent in this place.
 B = Non-inter-level travel time spent in this place.
 C = Inter-level travel time spent in this place.
 D = Time resting spent in this place.
 E = Time spent auto-exploring this place.
 F = Levels seen in this place.
 G = Mean time per level.
                   A        B        C        D        E       F      G
               +--------+--------+--------+--------+--------+-----+--------+
         Total |   8334 |   8014 |    320 |    177 |   6731 |   8 | 1041.8 |
       Dungeon |   8158 |   7860 |    298 |    177 |   6606 |   7 | 1165.4 |
        Temple |    176 |    154 |     22 |      0 |    125 |   1 |  176.0 |
               +--------+--------+--------+--------+--------+-----+--------+

Top non-repeatable levels by time:
     D:2: 1721 daAuts
     D:5: 1493 daAuts
     D:6: 1425 daAuts
     D:1: 1215 daAuts
     D:4: 953 daAuts
     D:3: 886 daAuts
     D:7: 462 daAuts
  Temple: 176 daAuts
